 Dungeon Crawl Stone Soup version 0.23.2-40-g277498a001 (webtiles) character file.

Game seed: 12937961631858657890

914 Amplified the Skirmisher (level 7, -1/56 HPs)
             Began as a Mummy Artificer on Sept 15, 2019.
             Slain by an ogre
             ... wielding a cursed -3 giant club
              (23 damage)
             ... on level 4 of the Dungeon.
             The game lasted 00:09:13 (4759 turns).

Amplified the Skirmisher (Mummy Artificer)          Turns: 4759, Time: 00:09:15

Health: -1/56      AC:  8    Str: 15    XL:     7   Next: 82%
Magic:  10/10      EV: 11    Int: 12    God:
Gold:   183        SH:  0    Dex: 13    Spells: 6/6 levels left

rFire    x . .     SeeInvis .   k - +1 mace (crush)
rCold    + . .     Gourm    .   (no shield)
rNeg     + + +     Faith    .   i - +1 ring mail
rPois    ∞         Spirit   .   n - +0 helmet
rElec    .         Reflect  .   b - +0 cloak
rCorr    .         Harm     .   (no gloves)
MR       .....                  (no boots)
Stlth    +.........             (no amulet)
HPRegen  0.18/turn              (no ring)
MPRegen  0.12/turn              (no ring)

@: no status effects
A: no food or potions, fire vulnerability, cold resistance 1, negative energy
resistance 3, torment resistance, unbreathing
a: no special abilities


You were on level 4 of the Dungeon.
You were not hungry.

You visited 2 branches of the dungeon, and saw 7 of its levels.

You collected 183 gold pieces.

Inventory:

Hand Weapons
 a - a +0 short sword
 k - a +1 mace of crushing (weapon)
Missiles
 f - 36 poisoned needles
Armour
 b - a +0 cloak (worn)
 i - a +1 ring mail (worn)
 n - a +0 helmet (worn)
Wands
 d - a wand of enslavement (7)
Scrolls
 j - a scroll of fear
 l - 2 scrolls of identify
 m - 6 scrolls of remove curse


   Skills:
 * Level 5.4 Fighting
 - Level 0.7 Short Blades
 * Level 3.4 Maces & Flails
 - Level 1.5 Dodging
 - Level 0.7 Stealth
 * Level 5.2 Evocations


You had 6 spell levels left.
You didn't know any spells.
Your spell library was empty.

Dungeon Overview and Level Annotations

Branches:
Dungeon (6/15)             Temple (1/1) D:5

Altars:
Ashenzari
Cheibriados
Dithmenos
Elyvilon
Fedhas
Hepliaklqana
Kikubaaqudgha
Makhleb
Nemelex Xobeh
Okawaru
Qazlal
Ru
Sif Muna
Trog
Uskayaw
Vehumet
Wu Jian
Xom
Yredelemnul
Zin

Annotations:
D:4 Grinder
D:5 Blork the orc, Eustachio, Pikel


Innate Abilities, Weirdness & Mutations

You do not eat or drink.
Your flesh is vulnerable to fire.
You are immune to poison.
Your flesh is cold resistant. (rC+)
You are immune to negative energy. (rN+++)
You are immune to unholy pain and torment.
You can survive without breathing.


Message History

t - Shout!
Orders for allies: a - Attack new target. r - Retreat! s - Stop attacking. g - Guard the area. f - Follow me.
Anything else - Cancel.
Retreat in which direction?
Press: ? - help, Dir - move target cursor Fall back!
Evoke which item? (* to show all) (? for menu, Esc to quit)
Okay, then.
There is a stone staircase leading up here.
Okay, then.
You hear some strange, mumbled words.
A puff of flame appears from out of thin air!
The puff of flame hits you but does no damage.
You climb upwards.
Level annotation: Grinder Reactivating autopickup.
The ogre hits you with a cursed -3 giant club!!
You die...

......#. ###...
####### . ......## #
......## ...#...## .#
#........ ... ..
#........ .#... ....
#..# .#... #..##.####
..... #......O@#
.....
###......#######
.....
......#..#..#...#
.....
#.###.##........#####
..... # ..
#####........# ..##
... .......##....#
..# ###.
.#..........## .....
#. #...........###
#....
...............#


You could see an ogre.

Vanquished Creatures
  A hippogriff (D:5)
  Menkaure (D:4)
  2 slaves
  A centaur (D:5)
  A scorpion (D:5)
  A hound (D:4)
  Natasha (thrice) (D:2)
  2 worker ants
  Ijyb (D:3)
  11 adders
  A shadow imp (D:5)
  A dart slug (D:1)
  2 leopard geckos
  An orc (D:4)
  6 giant cockroaches
  15 goblins
  10 hobgoblins
  11 jackals
  11 kobolds
  3 quokkas
  10 bats
  5 frilled lizards
  A jackal skeleton (D:4)
  9 rats
110 creatures vanquished.

Vanquished Creatures (collateral kills)
  An ogre (D:5)
  Robin (D:4)
2 creatures vanquished.

Vanquished Creatures (others)
  A hobgoblin (D:4)
  A bat (D:1)
2 creatures vanquished.

Grand Total: 114 creatures vanquished

Notes
Turn   | Place    | Note
-------+----------+-------------------------------------------
     0 | D:1      | Amplified the Mummy Artificer began the quest for the Orb.
     0 | D:1      | Reached XP level 1. HP: 15/15 MP: 2/2
   258 | D:1      | Reached XP level 2. HP: 15/21 MP: 4/4
  1028 | D:1      | Reached XP level 3. HP: 18/27 MP: 5/5
  1665 | D:3      | Noticed Ijyb
  1669 | D:3      | Paralysed by Ijyb for 4 turns
  1679 | D:3      | Killed Ijyb
  1679 | D:3      | Reached XP level 4. HP: 26/34 MP: 6/6
  2279 | D:3      | Found a blossoming altar of Fedhas.
  2547 | D:2      | Noticed Natasha
  2733 | D:2      | Reached XP level 5. HP: 41/41 MP: 7/7
  2943 | D:2      | Killed Natasha
  2943 | D:2      | Reached skill level 1 in Maces & Flails
  3215 | D:2      | Noticed Natasha
  3224 | D:2      | Killed Natasha
  3304 | D:2      | Noticed Natasha
  3310 | D:2      | Killed Natasha
  3360 | D:4      | Reached XP level 6. HP: 42/48 MP: 9/9
  3398 | D:4      | Noticed Robin
  3407 | D:4      | Killed Robin
  3604 | D:4      | Noticed Menkaure
  3615 | D:4      | Killed Menkaure
  3847 | D:4      | Noticed Grinder
  3859 | D:5      | Entered Level 5 of the Dungeon
  3859 | D:5      | Noticed a hippogriff
  3867 | D:5      | Killed a hippogriff
  3867 | D:5      | Reached XP level 7. HP: 52/55 MP: 10/10
  3930 | D:5      | Reached skill level 5 in Fighting
  3930 | D:5      | Reached skill level 5 in Evocations
  4158 | D:5      | Found a staircase to the Ecumenical Temple.
  4183 | Temple   | Entered the Ecumenical Temple
  4394 | D:5      | Noticed Eustachio
  4527 | D:5      | Noticed Blork the orc
  4588 | D:5      | Noticed Pikel
  4759 | D:4      | Slain by an ogre

Skill      XL: |  1  2  3  4  5  6  7 |
---------------+----------------------+-----
Fighting       | 2 3 4 5 |  5.4
Evocations     | 3 4 5 |  5.2
Maces & Flails | 1 2 3 |  3.4
Short Blades   | |  0.7
Dodging        | |  1.5
Stealth        | |  0.7

Action                   |  1- 3 |  4- 6 |  7- 9 || total
-------------------------+-------+-------+-------++-------
Melee: Short sword       |   176 |    40 |       ||   216
       Mace              |       |   150 |    52 ||   202
Evoke: Wand              |    12 |    18 |    12 ||    42
  Use: Scroll            |     3 |     4 |     3 ||    10
 Stab: Betrayed ally     |     1 |       |       ||     1
       Paralysed         |       |     5 |       ||     5
       Confused          |       |       |     1 ||     1
Armor: Leather armour    |    54 |       |       ||    54
       Ring mail         |    51 |   103 |    29 ||   183
Dodge: Dodged            |   167 |   145 |    30 ||   342
